SKY
CALIFORNIA ANGELS @ LOS ANGELES DODGERS
10/22/2052
 
TOP OF THE 1ST
California Angels batting - Pitching for Los Angeles Dodgers : LHP Dirk Terre
Pitching: LHP Dirk Terre
Batting: RHB Isaac Keenan 0-0: Called Strike
0-1: Foul Ball, location: 9LDF
0-2: Strikes out swinging
Batting: RHB River Grote 0-0: Swinging Strike
0-1: Ball
1-1: Swinging Strike
1-2: Foul Ball, location: 5FF
1-2: Ball
2-2: Strikes out looking
Batting: SHB Michael Dodson 0-0: Ball
1-0: Fly out, F2 (Popup, 23F, EV 88.1 MPH)
Top of the 1st over - 0 runs, 0 hits, 0 errors, 0 left on base; California 0 - Los Angeles 0
BOTTOM OF THE 1ST
Los Angeles Dodgers batting - Pitching for California Angels : RHP Ambler Bateman
Pitching: RHP Ambler Bateman
Batting: RHB Noah Summerville 0-0: Ball
1-0: Called Strike
1-1: Ball
2-1: Ball
3-1: Swinging Strike
3-2: Foul Ball, location: 5F
3-2: Ground out 5-3 (Groundball, 15, EV 84.4 MPH)
Batting: LHB Trent Veasey 0-0: Ball
1-0: Swinging Strike
1-1: Called Strike
1-2: SINGLE (Line Drive, 89M, EV 110.0 MPH)
Batting: RHB Storm Ellis 0-0: Ball
1-0: Foul Ball, location: 5DF
1-1: Ball
2-1: Called Strike
2-2: Strikes out looking
Batting: LHB Kerry Pietrzak 0-0: Ball
1-0: Called Strike
1-1: Ground out 4-3 (Groundball, 4, EV 94.4 MPH)
Bottom of the 1st over - 0 runs, 1 hit, 0 errors, 1 left on base; California 0 - Los Angeles 0
TOP OF THE 2ND
California Angels batting - Pitching for Los Angeles Dodgers : LHP Dirk Terre
Batting: RHB Luke Storey 0-0: Ball
1-0: Ball
2-0: Ball
3-0: SINGLE (Line Drive, 9LS, EV 104.4 MPH)
Batting: LHB Adrian Phillips 0-0: Called Strike
0-1: Ball
1-1: Ball
2-1: Ball
3-1: Foul Ball, location: 2F
3-2: Foul Ball, location: 25F
3-2: Strikes out swinging
Batting: RHB Reed Sinclair 0-0: Ball
1-0: Called Strike
1-1: Ball
2-1: SINGLE (Line Drive, 56D, EV 95.0 MPH)
Luke Storey to second
Batting: LHB Tracy Dyer 0-0: Foul Ball, location: 7LDF
0-1: Foul Ball, location: 5F
0-2: Foul Ball, location: 7LMF
0-2: Strikes out looking
Batting: LHB Skyler Angelillo 0-0: Called Strike
0-1: Foul Ball, location: 9LDF
0-2: Ball
1-2: Foul Ball, location: 2F
1-2: Strikes out swinging
Top of the 2nd over - 0 runs, 2 hits, 0 errors, 2 left on base; California 0 - Los Angeles 0
BOTTOM OF THE 2ND
Los Angeles Dodgers batting - Pitching for California Angels : RHP Ambler Bateman
Batting: RHB Everson Alberto 0-0: Foul Ball, location: 5SF
0-1: Ball
1-1: Ball
2-1: Foul Ball, location: 2F
2-2: Fly out, F3 (Line Drive, 3, EV 75.6 MPH)
Batting: RHB Isaac Joseph 0-0: Swinging Strike
0-1: Called Strike
0-2: Ball
1-2: Ball
2-2: Ground out U3 (Groundball, 34, EV 80.6 MPH)
Batting: LHB Ray Fernández 0-0: Foul Ball, location: 9LSF
0-1: Foul Ball, location: 2F
0-2: Ball
1-2: Ball
2-2: Strikes out swinging
Bottom of the 2nd over - 0 runs, 0 hits, 0 errors, 0 left on base; California 0 - Los Angeles 0
TOP OF THE 3RD
California Angels batting - Pitching for Los Angeles Dodgers : LHP Dirk Terre
Batting: LHB Drury Robinson 0-0: Foul Ball, location: 2F
0-1: Called Strike
0-2: Strikes out swinging
Pitching: RHP Tom Sulek
Batting: RHB Isaac Keenan 0-0: Called Strike
0-1: Foul Ball, location: 2F
0-2: Ball
1-2: Ball
2-2: Foul Ball, location: 2F
2-2: Ball
3-2: Base on Balls
Batting: RHB River Grote 0-0: Ball
1-0: Called Strike
1-1: Ball
2-1: Called Strike
2-2: Foul Ball, location: 9LSF
2-2: Strikes out swinging
Batting: SHB Michael Dodson 0-0: Called Strike
0-1: Ball
1-1: Fielders Choice at 2nd, 6-4 (Groundball, 4M, EV 103.1 MPH)
Top of the 3rd over - 0 runs, 0 hits, 0 errors, 1 left on base; California 0 - Los Angeles 0
BOTTOM OF THE 3RD
Los Angeles Dodgers batting - Pitching for California Angels : RHP Ambler Bateman
Batting: RHB Christian LeTourneau 0-0: Ball
1-0: Ball
2-0: Called Strike
2-1: Foul Ball, location: 9LSF
2-2: Ground out U3 (Groundball, 3S, EV 88.1 MPH)
Batting: LHB Andrew Sibold 0-0: Ball
1-0: Foul Ball, location: 2F
1-1: Called Strike
1-2: Strikes out swinging
Batting: RHB Noah Summerville 0-0: Swinging Strike
0-1: Ball
1-1: Called Strike
1-2: Foul Ball, location: 2F
1-2: Ball
2-2: Strikes out looking
Bottom of the 3rd over - 0 runs, 0 hits, 0 errors, 0 left on base; California 0 - Los Angeles 0
TOP OF THE 4TH
California Angels batting - Pitching for Los Angeles Dodgers : RHP Tom Sulek
Batting: RHB Luke Storey 0-0: Hit by Pitch
Pitching: LHP Markel Saud
Batting: LHB Adrian Phillips 0-0: Swinging Strike
0-1: Foul Ball, location: 7LDF
0-2: Strikes out swinging
Batting: RHB Reed Sinclair 0-0: Called Strike
0-1: Swinging Strike
0-2: Fly out, F8 (Flyball, 8LM, EV 83.1 MPH)
Batting: LHB Tracy Dyer 0-0: Ball
1-0: SINGLE (Groundball, P, EV 81.3 MPH) (infield hit)
Luke Storey to second
Batting: LHB Skyler Angelillo 0-0: Ball
1-0: Swinging Strike
1-1: Called Strike
1-2: SINGLE (Line Drive, 9S, EV 96.3 MPH)
Luke Storey to third
Tracy Dyer to second
Runner from 3rd tries for Home, SAFE, throw by RF to home
Batting: LHB Drury Robinson 0-0: DOUBLE (Flyball, 8RXD, EV 93.8 MPH)
Tracy Dyer scores
Skyler Angelillo to third
Batting: RHB Isaac Keenan 0-0: Ball
1-0: Fly out, F8 (Line Drive, 8RD, EV 91.3 MPH)
Top of the 4th over - 2 runs, 3 hits, 0 errors, 2 left on base; California 2 - Los Angeles 0
BOTTOM OF THE 4TH
Los Angeles Dodgers batting - Pitching for California Angels : RHP Ambler Bateman
Batting: LHB Trent Veasey 0-0: Ball
1-0: Ball
2-0: Ball
3-0: Called Strike
3-1: Swinging Strike
3-2: Strikes out swinging
Batting: RHB Storm Ellis 0-0: Ball
1-0: Swinging Strike
1-1: Ball
2-1: SINGLE (Flyball, 34D, EV 100.6 MPH)
Batting: LHB Kerry Pietrzak 0-0: Ball
1-0: Ball
2-0: Foul Ball, location: 23F
2-1: Ball
Wild Pitch!
Storm Ellis to second
3-1: Fly out, F8 (Flyball, 8LS, EV 87.5 MPH)
Batting: RHB Everson Alberto 0-0: Ball
1-0: Ball
2-0: Foul Ball, location: 2F
2-1: Fly out, F9 (Line Drive, 89M, EV 85.0 MPH)
Bottom of the 4th over - 0 runs, 1 hit, 0 errors, 1 left on base; California 2 - Los Angeles 0
TOP OF THE 5TH
California Angels batting - Pitching for Los Angeles Dodgers : LHP Markel Saud
Batting: RHB River Grote 0-0: Foul Ball, location: 25F
0-1: Foul Ball, location: 7LSF
0-2: Ball
1-2: Foul Ball, location: 2F
1-2: Ball
2-2: Hit by Pitch
Batting: SHB Michael Dodson 0-0: DOUBLE (Line Drive, 78D, EV 103.1 MPH)
River Grote to third
Batting: RHB Luke Storey 0-0: Ball
1-0: Foul Ball, location: 2F
1-1: Ball
2-1: Hit by Pitch
Pitching: RHP Scott McKinnis
Batting: LHB Adrian Phillips 0-0: Ball
1-0: Ball
Balk!
River Grote scores
Michael Dodson to third
Luke Storey to second
2-0: Called Strike
2-1: Foul Ball, location: 7LDF
2-2: Ball
3-2: Strikes out looking
Batting: RHB Reed Sinclair 0-0: Ball
1-0: Ground out 6-3 (Groundball, 6, EV 100.6 MPH)
Batting: LHB Tracy Dyer 0-0: Swinging Strike
0-1: Ball
1-1: Swinging Strike
1-2: Strikes out swinging
Top of the 5th over - 1 run, 1 hit, 0 errors, 2 left on base; California 3 - Los Angeles 0
BOTTOM OF THE 5TH
Los Angeles Dodgers batting - Pitching for California Angels : RHP Ambler Bateman
Batting: RHB Isaac Joseph 0-0: Called Strike
0-1: Swinging Strike
0-2: Strikes out looking
Batting: LHB Ray Fernández 0-0: Swinging Strike
0-1: Ground out 4-3 (Groundball, 4S, EV 73.1 MPH)
Batting: RHB Christian LeTourneau 0-0: Ball
1-0: Ball
2-0: Foul Ball, location: 9LMF
2-1: Ball
3-1: Foul Ball, location: 3F
3-2: Ground out 5-3 (Groundball, 56, EV 88.8 MPH)
Bottom of the 5th over - 0 runs, 0 hits, 0 errors, 0 left on base; California 3 - Los Angeles 0
TOP OF THE 6TH
California Angels batting - Pitching for Los Angeles Dodgers : RHP Scott McKinnis
Batting: LHB Skyler Angelillo 0-0: Ball
1-0: Ground out 6-3 (Groundball, 4MD, EV 101.3 MPH)
Batting: LHB Drury Robinson 0-0: Ball
1-0: Foul Ball, location: 2F
1-1: Swinging Strike
1-2: Strikes out swinging
Batting: RHB Isaac Keenan 0-0: Foul Ball, location: 9LMF
0-1: Swinging Strike
0-2: Foul Ball, location: 2F
0-2: Ball
1-2: Strikes out swinging
Top of the 6th over - 0 runs, 0 hits, 0 errors, 0 left on base; California 3 - Los Angeles 0
BOTTOM OF THE 6TH
Los Angeles Dodgers batting - Pitching for California Angels : RHP Ambler Bateman
Batting: LHB Andrew Sibold 0-0: Fly out, F8 (Flyball, 8RD, EV 90.0 MPH)
Batting: RHB Noah Summerville 0-0: Ball
1-0: Foul Ball, location: 5FF
1-1: Foul Ball, location: 9LMF
1-2: Ball
2-2: Foul Ball, location: 9LDF
2-2: Ball
3-2: Foul Ball, location: 2RF
3-2: Foul Ball, location: 2F
3-2: Base on Balls
Pitching: LHP Ricart Pena
Batting: LHB Trent Veasey 0-0: Ball
1-0: Called Strike
1-1: Ball
Pickoff Throw to First - Error! E1
Noah Summerville to second
2-1: Foul Ball, location: 3FF
2-2: Strikes out swinging
Batting: RHB Storm Ellis 0-0: Foul Ball, location: 2F
0-1: Foul Ball, location: 23F
0-2: Ball
1-2: Strikes out looking
Bottom of the 6th over - 0 runs, 0 hits, 1 error, 1 left on base; California 3 - Los Angeles 0
TOP OF THE 7TH
California Angels batting - Pitching for Los Angeles Dodgers : RHP Scott McKinnis
Pitching: RHP Denny Kondo
Batting: RHB River Grote 0-0: Foul Ball, location: 9LDF
0-1: Ball
1-1: Foul Ball, location: 5F
1-2: Ball
2-2: Ball
3-2: Foul Ball, location: 2F
3-2: Base on Balls
Batting: SHB Michael Dodson 0-0: Called Strike
0-1: Ball
1-1: Fly out, F8 (Flyball, 8RXD, EV 91.9 MPH)
Batting: RHB Luke Storey 0-0: Ball
1-0: Foul Ball, location: 23F
1-1: Ball
2-1: Grounds into double play, 6-4-3 (Groundball, 6, EV 100.6 MPH)
Top of the 7th over - 0 runs, 0 hits, 0 errors, 0 left on base; California 3 - Los Angeles 0
BOTTOM OF THE 7TH
Los Angeles Dodgers batting - Pitching for California Angels : LHP Ricart Pena
Batting: LHB Kerry Pietrzak 0-0: Ball
1-0: Ball
2-0: Foul Ball, location: 2F
2-1: Swinging Strike
2-2: Ball
3-2: Foul Ball, location: 2F
3-2: Hit by Pitch
Batting: RHB Everson Alberto 0-0: Ball
1-0: Ball
2-0: Ball
3-0: Called Strike
3-1: Called Strike
3-2: Foul Ball, location: 2F
3-2: SINGLE (Groundball, 34D, EV 96.9 MPH)
Kerry Pietrzak to second
Runner from 2nd tries for 3rd, SAFE, no throw by RF
Batting: RHB Isaac Joseph 0-0: Ball
1-0: Swinging Strike
1-1: Ball
2-1: Fly out, F7 (Flyball, 78M, EV 75.6 MPH)
Runner from 3rd tags up, SCORES, throw by LF
Batting: LHB Ray Fernández 0-0: Called Strike
0-1: Ball
1-1: Ball
2-1: Foul Ball, location: 9LSF
2-2: Ball
3-2: Fly out, F9 (Line Drive, 9S, EV 100.6 MPH)
Batting: RHB Christian LeTourneau 0-0: Ball
1-0: 2-RUN HOME RUN (Flyball, 7D, EV 101.9 MPH), Distance : 384 ft
Pitching: RHP Marc Bernal
Batting: LHB Andrew Sibold 0-0: Ball
1-0: Foul Ball, location: 3DF
1-1: Fly out, F8 (Flyball, 8LM, EV 88.1 MPH)
Bottom of the 7th over - 3 runs, 2 hits, 0 errors, 0 left on base; California 3 - Los Angeles 3
TOP OF THE 8TH
California Angels batting - Pitching for Los Angeles Dodgers : RHP Denny Kondo
Batting: LHB Adrian Phillips 0-0: Ground out U3 (Groundball, 3, EV 107.5 MPH)
Batting: LHB Sebastian Hines 0-0: Called Strike
0-1: Foul Ball, location: 2F
0-2: Strikes out swinging
Batting: LHB Tracy Dyer 0-0: Foul Ball, location: 5F
0-1: Ball
1-1: Foul Ball, location: 3F
1-2: SOLO HOME RUN (Flyball, 7D, EV 95.6 MPH), Distance : 376 ft
Batting: LHB Skyler Angelillo 0-0: Ball
1-0: Ball
2-0: Foul Ball, location: 2F
2-1: Reached on error, E4 (Groundball, 4, EV 95.6 MPH)
Batting: LHB Drury Robinson 0-0: Ball
1-0: Ground out 4-3 (Groundball, 4, EV 96.9 MPH)
Top of the 8th over - 1 run, 1 hit, 1 error, 1 left on base; California 4 - Los Angeles 3
BOTTOM OF THE 8TH
Los Angeles Dodgers batting - Pitching for California Angels : RHP Marc Bernal
Batting: RHB Noah Summerville 0-0: Ball
1-0: Ball
2-0: Ball
3-0: Called Strike
3-1: Foul Ball, location: 9LDF
3-2: Base on Balls
Pitching: LHP Brent Sanders
Batting: LHB Trent Veasey 0-0: Called Strike
0-1: Ball
1-1: Ball
2-1: Ball
3-1: Foul Ball, location: 2F
3-2: Foul Ball, location: 2F
3-2: Foul Ball, location: 3F
3-2: Foul Ball, location: 25FF
3-2: Fly out, F7 (Flyball, 7, EV 78.1 MPH)
Pitching: RHP Patrick Class
Batting: RHB Storm Ellis 0-0: Ball
1-0: Ball
2-0: Foul Ball, location: 2F
2-1: Ball
3-1: Grounds into double play, 6-4-3 (Groundball, 56, EV 81.9 MPH)
Bottom of the 8th over - 0 runs, 0 hits, 0 errors, 0 left on base; California 4 - Los Angeles 3
TOP OF THE 9TH
California Angels batting - Pitching for Los Angeles Dodgers : RHP Denny Kondo
Batting: RHB Isaac Keenan 0-0: Foul Ball, location: 9LSF
0-1: Called Strike
0-2: Ball
1-2: Ground out 6-3 (Groundball, 6, EV 109.4 MPH)
Pitching: RHP Guy Hughes
Batting: RHB River Grote 0-0: Called Strike
0-1: Ball
1-1: Ground out 4-3 (Groundball, 4, EV 86.3 MPH)
Batting: SHB Michael Dodson 0-0: Ball
1-0: Foul Ball, location: 7LSF
1-1: Ball
2-1: Swinging Strike
2-2: Strikes out looking
Top of the 9th over - 0 runs, 0 hits, 0 errors, 0 left on base; California 4 - Los Angeles 3
BOTTOM OF THE 9TH
Los Angeles Dodgers batting - Pitching for California Angels : RHP Patrick Class
Batting: LHB Kerry Pietrzak 0-0: Called Strike
0-1: Swinging Strike
0-2: Ground out 4-3 (Groundball, 34, EV 99.4 MPH)
Batting: RHB Everson Alberto 0-0: Ball
1-0: Ground out 6-3 (Groundball, 56, EV 79.4 MPH)
Pinch Hitting: RHB Matt Weber 0-0: Called Strike
0-1: Ball
1-1: Swinging Strike
1-2: Ball
2-2: Strikes out swinging
Bottom of the 9th over - 0 runs, 0 hits, 0 errors, 0 left on base; California 4 - Los Angeles 3
Sunday, May 12th , 2024 - OOTP Baseball 25.3 Build 57